AoeStats
← alonenorth

Arena

505204969Analyzed
1v1 RM · 25d ago on Sep 8, 2026· 45m 27s· 2 players
Game mode
Random Map
Map size
Tiny (2 player)
Population
200
Speed
Normal
Resources
Standard
Victory
Conquest
Starting age
Dark Age
Ending age
Imperial Age
RankedLock teamsTeams togetherTeam positionsShared explorationLock speedFull tech treeHidden civsTurbo modeCheats
Victory
Defeat
🇺🇸 Muisca · United States
1168
+17
🇹🇼 Turks · Taiwan
1189
-17
Jalapeño Horsey
11:20 Feudal Age
12:31 Horse Collar
12:36 Double-Bit Axe
15:15 Castle Age
13:56 Stone Mining
16:06 Heavy Plow
16:19 Bow Saw
18:11 Loom
19:00 Gold Mining
19:17 Gold Mining
24:03 Fletching
27:53 Wheelbarrow
27:04 Town Watch
28:23 Gold Shaft Mining
31:00 Stone Shaft Mining
33:31 Imperial Age
33:42 Imperial Age
31:30 Hand Cart
31:34 Padded Archer Armor
33:06 Sanctity
34:26 Redemption
34:19 Atonement
34:30 Fervor
35:14 Leather Archer Armor
34:54 Bodkin Arrow
35:28 Block Printing
35:49 Theocracy
35:24 Elite Skirmisher
37:16 Thumb Ring
37:34 Pikeman
38:15 Squires
40:02 Conscription
40:45 Bracer
42:33 Capped Ram
alonenorth
10:44 Feudal Age
8:59 Loom
15:08 Castle Age
14:59 Gold Mining
16:10 Double-Bit Axe
17:01 Horse Collar
29:44 Imperial Age
28:45 Bow Saw
39:49 Forging
39:44 Scale Barding Armor
41:29 Bow Saw
41:36 Artillery
43:16 Fletching
Connection lost

Rejoining the realm…

Still unreachable

The connection could not be restored.

Session expired

The server has moved on; the page needs a fresh start.